 Dungeon Crawl Stone Soup version 0.30-a0-636-g200c5c4a83 (webtiles) character file.

Game seed: 2226987140641624455

133139 Bnni the Unseen (level 17, -8/97 HPs)
             Began as a Vine Stalker Brigand on Jan 15, 2023.
             Was a Follower of Uskayaw.
             Shot with a bolt by a naga sharpshooter (14 damage)
             ... on level 3 of the Snake Pit.
             The game lasted 01:14:16 (26679 turns).

Bnni the Unseen (Vine Stalker Brigand)             Turns: 26679, Time: 01:14:16

Health: -8/97      AC: 27    Str: 15    XL:     17   Next: 14%
Magic:  0/28       EV:  6    Int: 14    God:    Uskayaw [*.....]
Gold:   2139       SH: 13    Dex: 23    Spells: 16/16 levels left

rFire   + . .      SeeInvis .    m - +0 dagger (elec)
rCold   . . .      Faith    +    Z - +0 kite shield
rNeg    . . .      Spirit   +    U - +1 plate armour {rF+}
rPois   +          Reflect  .    R - +2 helmet {Int+3}
rElec   .          Harm     .    q - +2 cloak
rCorr   .          Rampage  .    P - +1 pair of gloves
Will    ++...                    L - +1 pair of boots {Stlth+}
Stlth   ++++                     V - amulet of faith
HPRegen 1.16/turn                r - ring of poison resistance
MPRegen 0.21/turn                Y - +5 ring of evasion

@: lethally poisoned (-8 -> -11), about to teleport, constricted
A: fangs 3, regeneration 1, magic shield, antimagic bite, no potion heal 2
a: Renounce Religion, Stomp


You were on level 3 of the Snake Pit.
You worshipped Uskayaw.
Uskayaw was pleased with you.
You visited 5 branches of the dungeon, and saw 26 of its levels.
You also visited: Bailey.

You collected 2999 gold pieces.
You spent 860 gold pieces at shops.

Inventory:

Hand Weapons
 a - a +1 dagger of venom
 m - a +0 dagger of electrocution (weapon)
Missiles
 w - 3 boomerangs of dispersal (quivered)
 D - a curare-tipped dart
Armour
 q - a +2 cloak (worn)
 L - a +1 pair of boots of stealth (worn)
 P - a +1 pair of gloves (worn)
 R - a +2 helmet of intelligence (worn)
 U - a +1 plate armour of fire resistance (worn)
 Z - a +0 kite shield (worn)
Jewellery
 o - a ring of protection from fire
 r - a ring of poison resistance (left hand)
 s - a ring of protection from cold
 Q - a ring of positive energy
 T - a ring of resist corrosion
 V - an amulet of faith (around neck)
 Y - a +5 ring of evasion (right hand)
Wands
 k - a wand of digging (9)
 x - a wand of paralysis (17)
 G - a wand of iceblast (8)
 M - a wand of acid (6)
Scrolls
 b - 3 scrolls of immolation
 c - a scroll of summoning
 d - 2 scrolls of amnesia
 h - 7 scrolls of vulnerability
 i - 6 scrolls of fog
 j - 6 scrolls of enchant weapon
 p - 10 scrolls of teleportation
 t - a scroll of identify
 J - 4 scrolls of magic mapping
 S - 6 scrolls of enchant armour
 W - 3 scrolls of poison
 X - a scroll of silence
Potions
 e - 4 potions of magic {unknown}
 f - 5 potions of curing
 g - 11 potions of brilliance
 l - 6 potions of heal wounds {unknown}
 u - 6 potions of flight
 v - 6 potions of might
 y - a potion of resistance
 z - 5 potions of cancellation {unknown}
 A - 3 potions of invisibility
 B - 6 potions of mutation {unknown}
 C - 6 potions of haste {unknown}
 E - 4 potions of attraction {unknown}
 H - a potion of experience {unknown}
 I - 3 potions of lignification {unknown}
 N - a potion of berserk rage {unknown}
 O - 2 potions of ambrosia {unknown}
Miscellaneous
 F - a phantom mirror
 K - a phial of floods


   Skills:
 + Level 14.1 Fighting
 - Level 10.0 Short Blades
 - Level 1.7 Throwing
 + Level 9.7 Armour
 - Level 0.7 Dodging
 + Level 18.0 Stealth
 * Level 9.2 Shields
 + Level 14.3 Invocations


You had 16 spell levels left.
You didn't know any spells.
Your spell library contained the following spells:

 Spells                   Type           Power      Damage    Failure   Level
 Summon Small Mammal      Summ           0%         N/A       100%        1
 Cigotuvi's Dreadful Rot  Necr/Pois/Air  0%         N/A       100%        2
 Ensorcelled Hibernation  Hex/Ice        0%         N/A       100%        2
 Static Discharge         Conj/Air       0%         2-2/arc   100%        2
 Call Canine Familiar     Summ           0%         N/A       100%        3
 Dazzling Flash           Conj/Hex       0%         N/A       100%        3
 Inner Flame              Hex/Fire       0%         N/A       100%        3
 Ozocubu's Armour         Ice            0%         N/A       100%        3
 Spider Form              Tmut/Pois      0%         N/A       100%        3
 Summon Guardian Golem    Hex/Summ       0%         N/A       100%        3
 Vhi's Electric Charge    Tloc/Air       0%         N/A       100%        3
 Anguish                  Hex/Necr       0%         N/A       100%        4
 Dispel Undead            Necr           0%         3d6       100%        4
 Flame Wave               Conj/Fire      0%         2d4       100%        4
 Iskenderun's Mystic Bla  Conj/Tloc      0%         2d3       100%        4
 Leda's Liquefaction      Hex/Erth       0%         N/A       100%        4
 Sticky Flame             Conj/Fire      0%         2d3       100%        4
 Arcjolt                  Conj/Air       0%         1d10      100%        5
 Iskenderun's Battlesphe  Conj           0%         2d6       100%        5
 Lee's Rapid Deconstruct  Erth           0%         3d4*      100%        5
 Lightning Bolt           Conj/Air       0%         1d11      100%        5
 Death Channel            Necr           0%         N/A       100%        6
 Iron Shot                Conj/Erth      0%         9d1       100%        6
 Starburst                Conj/Fire      0%         6d3       100%        6
 Statue Form              Tmut/Erth      0%         N/A       100%        6
 Malign Gateway           Summ/Tloc      0%         N/A       100%        7
 Ozocubu's Refrigeration  Ice            0%         4d7       100%        7
 Spellforged Servitor     Conj/Summ      0%         N/A       100%        7
 Summon Horrible Things   Summ           0%         N/A       100%        8


Dungeon Overview and Level Annotations

Branches:
Dungeon (15/15)            Temple (1/1) D:4            Lair (5/5) D:8
  Swamp (0/4) Lair:2        Snake (3/4) Lair:2        Slime (0/5) Lair:5
    Orc (2/2) D:12            Elf (0/3) Orc:2        Vaults (0/5) D:13
 Depths (0/4) D:15         Bailey (visited)

Altars:
Ashenzari
Cheibriados
Dithmenos
Elyvilon
Fedhas
Gozag
Okawaru
Qazlal
Ru
Trog
Uskayaw
Vehumet
Wu Jian
Xom
Yredelemnul
Zin

Shops:
D:3 (   D:9 =   D:14 *   Orc:2 *([

Annotations:
Lair:3 exclusion: orange crystal statue
Snake:3 Aizul


Innate Abilities, Weirdness & Mutations

You have razor-sharp teeth.
Your natural rate of healing is unusually fast.
When hurt, damage is shared between your health and your magic reserves.
Your bite disrupts and absorbs the magic of your enemies.
Potions cannot restore your health.


Message History

2 salamanders come into view.
You feel very sick.
The naga is no longer sharing its pain.
The salamander mystic is no longer sharing its pain.
The anaconda is no longer sharing its pain.
The black mamba bites you but does no damage.
The naga sharpshooter mumbles some strange words.
The naga sharpshooter magically shoots a bolt.
You block the bolt. You block the black mamba's attack.
Aizul the Neglectful Guardian comes into view.
The naga sharpshooter mumbles some strange words.
The naga sharpshooter magically shoots an arrow.
You block the arrow.
You can no longer pass through a line of other dancers.
As you read the scroll of teleportation, it crumbles to dust.
You feel strangely unstable.
The sentinel's mark upon you fades away.
You feel very sick.
The naga sharpshooter is no longer sharing its pain.
The black mamba is no longer sharing its pain. x2
You block the anaconda's attack. The anaconda bites you.
* * * LOW HITPOINT WARNING * * *
The black mamba bites you but does no damage.
The black mamba bites you!
* * * LOW HITPOINT WARNING * * *
The naga sharpshooter mumbles some strange words.
The naga sharpshooter magically shoots a bolt.
The bolt hits you but does no damage. The anaconda grabs you.
The anaconda bites you but does no damage.
The anaconda constricts you.
* * * LOW HITPOINT WARNING * * *
The anaconda bites you.
* * * LOW HITPOINT WARNING * * *
You block the anaconda's attack. You block the black mamba's attack.
The black mamba barely misses the salamander.
A naga comes into view. It is wielding a +0 battleaxe.
The naga sharpshooter casts a spell.
The naga sharpshooter magically shoots a bolt.
The bolt hits you!
You die...

##### .SN..######
..........###
...?N.......####
..N............##
.......SSN.N.....
......S@SN.......
.......SSN.......
.......S..N......
.........N.NNN...
.................
....$............
.................
....N............
................


You could see Aizul, 2 naga sharpshooters, 2 salamander mystics, 5 salamanders,
3 anacondas, 4 black mambas and 4 nagas.

Vanquished Creatures
  Rupert (D:13)
  Gastronok (Orc:1)
  Louise (Snake:2)
  2 orc warlords (Orc:2)
  Nessos (D:13)
  An entropy weaver (shapeshifter) (D:14)
  A fire dragon (Lair:5)
  A great orb of eyes (D:14)
  The ghost of Ischeuh the Covert, a journeyman SpEn of Dithmenos (D:13)
  2 centaur warriors
  9 hydras
  3 catoblepae
  7 boulder beetles
  2 anacondas (Snake:2)
  3 two-headed ogres
  5 death yaks
  6 naga warriors
  10 naga sharpshooters
  A deep troll earth mage (D:13)
  Urug (D:11)
  A shock serpent (Snake:1)
  2 orc high priests (Orc:2)
  Nergalle (D:11)
  5 skeletal warriors (D:11)
  A salamander mystic (Snake:2)
  A bog body (Lair:2)
  3 naga ritualists
  A swamp dragon (Lair:5)
  2 deep elf pyromancers
  8 orc knights
  3 lindwurms (Lair:5)
  4 wizards
  A deep elf zephyrmancer (D:15)
  A necromancer (D:15)
  9 ugly things
  2 wolf spiders (D:14)
  4 orc sorcerers
  7 manticores
  3 salamanders (Snake:2)
  5 mana vipers
  2 cyclopes
  29 black mambas
  3 guardian serpents
  9 elephants
  9 naga magi
  10 cane toads
  2 centaur zombies (D:15)
  Joseph (D:10)
  2 centaur skeletons (D:15)
  2 torpor snails (Lair:5)
  3 rime drakes (Lair:5)
  An unseen horror (D:11)
  2 gargoyles
  6 yaktaurs
  An efreet (D:14)
  2 kobold demonologists
  10 komodo dragons
  A tengu conjurer (D:15)
  A meliai (D:13)
  2 polar bears (Lair:4)
  9 trolls
  20 blink frogs
  9 dream sheep
  10 slime creatures
  A shadow (D:11)
  4 vampires
  51 yaks
  A wraith (D:14)
  A culicivora (shapeshifter) (D:14)
  9 wyverns
  9 basilisks
  16 humans (D:13)
  4 steam dragons
  15 vampire mosquitoes
  A warg (shapeshifter) (D:13)
  5 wargs
  25 nagas
  6 acid dragons
  A floating eye (shapeshifter) (D:13)
  13 water moccasins
  2 swamp drakes (Lair:5)
  3 black bears
  A hornet zombie (D:15)
  35 orc warriors
  4 ogres
  2 sky beasts (D:7)
  2 ice beasts
  15 wolves
  7 centaurs
  A kobold brigand (D:8)
  2 phantoms (D:5)
  A gnoll sergeant (D:8)
  2 scorpions (D:6)
  11 bullfrogs
  6 killer bees (D:9)
  2 howler monkeys
  5 lava snakes
  5 hounds
  20 orc priests
  2 gnoll boudas
  2 jellies (D:7)
  19 orc wizards
  6 iguanas
  10 hell rats
  19 gnolls
  6 adders
  2 white imps
  An ufetubus (D:7)
  3 worms
  A dart slug (D:2)
  86 orcs
  4 endoplasms
  4 giant cockroaches
  10 goblins
  10 hobgoblins
  3 jackals (D:3)
  5 quokkas
  7 ball pythons
  5 bats
  2 frilled lizards
  5 kobolds
  3 rats
772 creatures vanquished.

Vanquished Creatures (others)
  An iguana (Lair:5)
  23 fungi
  36 plants
60 creatures vanquished.

Grand Total: 832 creatures vanquished

Notes
Turn   | Place    | Note
-------+----------+-------------------------------------------
     0 | D:1      | Bnni the Vine Stalker Brigand began the quest for the Orb.
     0 | D:1      | Reached XP level 1. HP: 11/11 MP: 2/2
   107 | D:1      | Found a faded altar of an unknown god.
   137 | D:1      | Reached XP level 2. HP: 3/15 MP: 1/3
  1232 | D:2      | Reached XP level 3. HP: 18/18 MP: 4/4
  1611 | D:2      | Gained mutation: Your natural rate of healing is unusually
                  | fast. [Vine Stalker growth]
  1611 | D:2      | Reached XP level 4. HP: 18/23 MP: 5/5
  2001 | D:3      | Found Ceyfroum's Weapon Shoppe.
  2867 | D:4      | Reached XP level 5. HP: 27/28 MP: 6/6
  2954 | D:4      | Noticed an ogre
  2976 | D:4      | Killed an ogre
  2977 | D:4      | Reached skill level 1 in Shields
  2977 | D:4      | Reached XP level 6. HP: 32/32 MP: 7/7
  3070 | D:4      | Found a staircase to the Ecumenical Temple.
  3164 | Temple   | Entered the Ecumenical Temple
  3172 | Temple   | Became a worshipper of Uskayaw the Reveller
  3575 | D:5      | Entered Level 5 of the Dungeon
  3575 | D:5      | Noticed an ice beast
  3580 | D:5      | Killed an ice beast
  3580 | D:5      | Reached * piety under Uskayaw
  3581 | D:5      | Reached XP level 7. HP: 36/36 MP: 8/8
  3613 | D:5      | Reached ** piety under Uskayaw
  3673 | D:5      | Reached *** piety under Uskayaw
  3683 | D:5      | Reached **** piety under Uskayaw
  3692 | D:5      | Reached skill level 5 in Short Blades
  3692 | D:5      | Reached ***** piety under Uskayaw
  3890 | D:5      | Noticed a yak
  3915 | D:5      | Killed a yak
  3945 | D:5      | Noticed a yak
  3946 | D:5      | Noticed a yak
  3946 | D:5      | Noticed a yak
  3946 | D:5      | Noticed a yak
  3961 | D:5      | Killed a yak
  3962 | D:5      | Gained mutation: You have razor-sharp teeth. [Vine Stalker
                  | growth]
  3962 | D:5      | Reached XP level 8. HP: 7/42 MP: 3/9
  4376 | D:5      | Noticed a yak
  4384 | D:5      | Killed a yak
  4394 | D:5      | Killed a yak
  4395 | D:5      | Reached skill level 5 in Fighting
  4395 | D:5      | Reached skill level 1 in Invocations
  4410 | D:5      | Killed a yak
  4410 | D:5      | Reached ****** piety under Uskayaw
  4425 | D:5      | Killed a yak
  4593 | D:6      | Found a radiant altar of Vehumet.
  4650 | D:6      | Reached XP level 9. HP: 47/47 MP: 11/11
  5156 | D:6      | Found a basalt altar of Yredelemnul.
  5159 | D:6      | Found a blossoming altar of Fedhas.
  5165 | D:6      | Found an opulent altar of Gozag.
  5168 | D:6      | Found a sacrificial altar of Ru.
  5170 | D:6      | Found a shadowy altar of Dithmenos.
  5325 | D:7      | Found a flagged portal.
  5346 | Bailey   | Entered a bailey
  5731 | Bailey   | Noticed an orc knight
  5743 | Bailey   | Killed an orc knight
  5948 | D:7      | Reached XP level 10. HP: 40/53 MP: 9/14
  6033 | D:7      | Reached skill level 5 in Stealth
  6267 | D:7      | Noticed a two-headed ogre
  6332 | D:7      | Killed a two-headed ogre
  6333 | D:7      | Reached skill level 5 in Invocations
  6982 | D:8      | Found a staircase to the Lair.
  7001 | D:8      | Reached skill level 6 in Stealth
  7112 | D:8      | Noticed a kobold demonologist
  7125 | D:8      | Killed a kobold demonologist
  7126 | D:8      | Reached skill level 10 in Short Blades
  7565 | D:8      | Reached skill level 7 in Stealth
  7903 | D:9      | Found Myhahun's Jewellery Emporium.
  7937 | D:9      | Reached XP level 11. HP: 46/60 MP: 16/16
  7945 | D:9      | Reached skill level 8 in Stealth
  8627 | D:10     | Entered Level 10 of the Dungeon
  9412 | D:10     | Noticed Joseph
  9435 | D:10     | Killed Joseph
  9436 | D:10     | Reached skill level 9 in Stealth
  9744 | D:11     | Noticed a skeletal warrior
  9749 | D:11     | Noticed a skeletal warrior
  9768 | D:11     | Noticed a skeletal warrior
 10005 | D:11     | Noticed Urug
 10021 | D:11     | Noticed a two-headed ogre
 10025 | D:11     | Killed a two-headed ogre
 10035 | D:11     | Killed Urug
 10166 | D:11     | Noticed Nergalle
 10266 | D:11     | Noticed a skeletal warrior
 10394 | Lair:1   | Entered Level 1 of the Lair of Beasts
 10424 | Lair:1   | Reached skill level 10 in Stealth
 10436 | Lair:1   | Noticed a catoblepas
 10461 | Lair:1   | Killed a catoblepas
 10502 | Lair:1   | Reached XP level 12. HP: 56/67 MP: 19/19
 10841 | Lair:1   | Noticed a catoblepas
 10862 | Lair:1   | Killed a catoblepas
 10863 | Lair:1   | Reached skill level 11 in Stealth
 11508 | Lair:1   | Reached skill level 1 in Armour
 11925 | Lair:2   | Reached skill level 10 in Fighting
 11964 | Lair:2   | Found a staircase to the Swamp.
 11965 | Lair:2   | Noticed a boulder beetle
 12278 | Lair:2   | Found a staircase to the Snake Pit.
 12388 | Lair:2   | Reached skill level 12 in Stealth
 12397 | Lair:2   | Noticed a boulder beetle
 12427 | Lair:2   | Killed a boulder beetle
 12501 | Lair:2   | Killed a boulder beetle
 12588 | Lair:2   | Reached skill level 10 in Invocations
 13139 | Lair:3   | Reached XP level 13. HP: 57/72 MP: 21/21
 13486 | Lair:3   | Reached skill level 13 in Stealth
 14794 | Lair:4   | Reached skill level 5 in Armour
 15628 | Lair:5   | Entered Level 5 of the Lair of Beasts
 15772 | Lair:5   | Reached skill level 14 in Stealth
 15925 | Lair:5   | Identified the +3 ring mail "Cekups" {-Tele rC+ Will+ SInv}
 16060 | Lair:5   | Reached XP level 14. HP: 32/79 MP: 23/23
 16524 | Lair:5   | Found a staircase to the Slime Pits.
 16605 | Lair:5   | HP: 2/79 [komodo dragon (8)]
 16834 | Lair:5   | HP: 3/80 [poison (poison gas)]
 16835 | Lair:5   | HP: 1/80 [poison (poison gas)]
 17537 | Lair:5   | Reached skill level 15 in Stealth
 18515 | D:11     | Killed Nergalle
 19285 | D:12     | Found a staircase to the Orcish Mines.
 19457 | D:12     | Reached XP level 15. HP: 42/85 MP: 25/25
 19691 | D:13     | Noticed Rupert
 19745 | D:13     | Reached skill level 16 in Stealth
 19745 | D:13     | Found a runed translucent gate.
 19745 | D:13     | Found a runed translucent gate.
 19745 | D:13     | Found a runed translucent gate.
 19747 | D:13     | Found an opulent altar of Gozag.
 19749 | D:13     | Noticed Ischeuh's ghost (journeyman SpEn)
 19776 | D:13     | Noticed Nessos
 19778 | D:13     | Killed Nessos
 19818 | D:13     | Found a gate to the Vaults.
 19854 | D:13     | Killed Rupert
 20050 | D:13     | Found a blossoming altar of Fedhas.
 20351 | D:13     | Identified the +9 halberd of Imuizau {flame, rPois rC-
                  | Dex+4}
 20468 | D:13     | Killed Ischeuh's ghost
 20552 | Orc:1    | Entered Level 1 of the Orcish Mines
 20563 | Orc:1    | Noticed Gastronok
 20583 | Orc:1    | Killed Gastronok
 20752 | Orc:2    | Entered Level 2 of the Orcish Mines
 20770 | Orc:2    | Noticed an orc warlord
 20813 | Orc:2    | Killed an orc warlord
 20814 | Orc:2    | Reached skill level 5 in Shields
 21193 | Orc:2    | Noticed an orc warlord
 21376 | Orc:2    | Killed an orc warlord
 21587 | Orc:2    | Found Myodievyo's General Store.
 21654 | Orc:2    | Found a staircase to the Elven Halls.
 21809 | Orc:2    | Found Yxa Doku's Antique Armour Emporium.
 21816 | Orc:2    | Found Wump's Antique Weapon Shoppe.
 22064 | Orc:2    | Found Tiproaji's Jewellery Boutique.
 22441 | D:14     | Reached XP level 16. HP: 91/91 MP: 27/27
 22536 | D:14     | Found a shimmering altar of Xom.
 22858 | D:14     | Found Vuidemn's Assorted Antiques.
 22861 | D:14     | Bought an ancient cloak for 370 gold pieces
 22861 | D:14     | Identified the -2 cloak of Pehu {rCorr Int+2} (You bought
                  | it in a shop on level 14 of the Dungeon)
 22864 | D:14     | Bought a dark potion for 35 gold pieces
 22864 | D:14     | Bought an opal ring for 195 gold pieces
 22971 | D:15     | Entered Level 15 of the Dungeon
 23047 | D:15     | Reached skill level 17 in Stealth
 23485 | D:15     | Found a staircase to the Depths.
 24098 | Snake:1  | Entered Level 1 of the Snake Pit
 24167 | D:9      | Bought a ring of poison resistance for 260 gold pieces
 25538 | Snake:2  | HP: 4/92 [naga mage/+0 spear (4)]
 26179 | Snake:2  | Reached XP level 17. HP: 97/97 MP: 28/28
 26564 | Snake:2  | Noticed Louise
 26592 | Snake:2  | Killed Louise
 26668 | Snake:2  | Reached skill level 18 in Stealth
 26678 | Snake:3  | Noticed Aizul
 26679 | Snake:3  | Shot with a bolt by a naga sharpshooter

Illustrated notes

Levels and vault maps discovered:
D:1:      saegor_arrival_fortress, layout_loops_corners,
          hellmonk_ecumenical_altar_blasted
D:2:      layout_basic, kennysheep_generic_room_7
D:3:      layout_basic, serial_shops, shop
D:4:      layout_loops_ring, minmay_temple_entry_slanted,
          minmay_misc_feat_diagonals
D:5:      layout_loops_ring
D:6:      layout_rooms, nicolae_overflow_hallway_of_the_gods, st_stairs_3,
          minmay_statues_item, nrook_mini_vaults
D:7:      layout_loops_corners, enter_bailey_5, minmay_between
D:8:      layout_loops_cross, erik_lair_orcish_takeover,
          kennysheep_generic_room_5
D:9:      layout_loops_ring, nicolae_stop_n_shop_1
D:10:     layout_irregular_city, uniq_joseph
D:11:     layout_loops_ring, uniq_nergalle, uniq_urug
D:12:     layout_long_grid, orc_0_dummy, kennysheep_diamond
D:13:     layout_cave_pools, david_vaults_3, ebering_ghost_gozag,
          chequers_mini_garden, corner_web_ring, grunt_ministairs_12,
          ebering_dispersal_statue_hall, fedhas_altar_1
D:14:     minmay_the_grid_square_5x5_3x3 [minmay_the_grid_square_5x5_eight,
          minmay_the_grid_square_5x5_tie,
          minmay_the_grid_square_5x5_three_small,
          minmay_the_grid_square_5x5_fancy_junction,
          minmay_the_grid_square_5x5_megaprize_crossed,
          minmay_the_grid_square_5x5_almost_minimal,
          minmay_the_grid_square_5x5_lines,
          minmay_the_grid_square_5x5_six_small,
          minmay_the_grid_square_5x5_two_walls_b], layout_cave_pools,
          minmay_misc_feat_pillars, serial_shops, kennysheep_mini,
          xom_teletrap_fun, uniq_nessos
D:15:     grunt_enter_depths_magical_seal, layout_loops_cross, chequers_garden
Temple:   lightli_temple_of_artemis
Lair:1:   layout_layer_cave, beast_lair_carwin_10
Lair:2:   layout_misc_corridors, skrybe_swamp_entry_bodies,
          guppyfry_snake_entry_island
Lair:3:   layout_cave_pods, disabler_island, serial_bayou_shore_a
Lair:4:   layout_layer_cave, minivault_11, nicolae_quartered_pool_medium,
          grunt_megastairs_4
Lair:5:   hangedman_lair_in_review, layout_regular_city,
          guppyfry_lair_end_dragon, slime_entry_1
Snake:1:  layout_onion_interference
Snake:2:  layout_onion_interference, st_stairs_9, uniq_louise
Snake:3:  layout_layer_cave, uniq_aizul
Orc:1:    layout_caves, uniq_gastronok
Orc:2:    grunt_orc_community_town_hall, layout_diamond_mine,
          grunt_orc_community_big_house_2, grunt_orc_community_big_house_2,
          grunt_orc_community_house_2, grunt_orc_community_house_1,
          grunt_orc_community_house_2, grunt_orc_community_house_3, basic_altar,
          nicolae_orc_tapped_out

Skill      XL: |  1  2  3  4  5  6  7  8  9 10 11 12 13 14 15 16 17 |
---------------+----------------------------------------------------+-----
Fighting       | 2 3 4 5 6 7 9 10 11 12 13 14 | 14.1
Short Blades   | 2 3 4 5 7 9 10 | 10.0
Shields        | 1 2 4 6 8 9 |  9.2
Invocations    | 2 4 6 8 10 11 12 13 14 | 14.3
Stealth        | 7 10 12 14 15 16 17 18 | 18.0
Armour         | 3 5 7 8 9 |  9.7
Throwing       | |  1.7
Dodging        | |  0.7

Action                   |  1- 3 |  4- 6 |  7- 9 | 10-12 | 13-15 | 16-18 || total
-------------------------+-------+-------+-------+-------+-------+-------++-------
Melee: Dagger            |    87 |   131 |   377 |  1004 |  2062 |   668 ||  4329
       Bite              |    14 |    39 |   134 |   442 |   980 |   308 ||  1917
       Punch             |       |     1 |       |       |       |       ||     1
Throw: Dart              |     3 |    10 |    12 |    24 |     3 |       ||    52
       Throwing net      |       |       |       |       |     2 |       ||     2
Invok: Line Pass         |       |       |     1 |     1 |    14 |    13 ||    29
       Grand Finale      |       |       |       |       |     9 |     3 ||    12
Evoke: Wand              |       |     1 |     2 |    13 |     7 |       ||    23
       Phantom mirror    |       |       |       |     1 |       |       ||     1
  Use: Scroll            |       |     4 |     4 |     9 |    13 |     6 ||    36
       Potion            |       |       |       |       |     6 |     2 ||     8
 Stab: Paralysed         |       |     1 |     8 |    51 |   114 |    54 ||   228
       Confused          |       |       |     1 |     1 |     6 |    11 ||    19
       Sleeping          |       |       |       |     1 |    17 |    10 ||    28
       Distracted        |       |       |       |     1 |     6 |     1 ||     8
       Held in net/web   |       |       |       |       |     1 |       ||     1
Armor: Ring mail         |     5 |       |       |       |       |       ||     5
       Chain mail        |    31 |    65 |    90 |       |       |       ||   186
       Scale mail        |     2 |       |       |       |       |       ||     2
       Plate armour      |       |       |    50 |   318 |   861 |   315 ||  1544
Dodge: Dodged            |    23 |    35 |    40 |    74 |   311 |   184 ||   667
Block: Buckler           |       |    12 |    69 |   322 |   552 |     3 ||   958
       Reflection        |       |       |       |    10 |       |       ||    10
       Kite shield       |       |       |       |       |       |   386 ||   386

Table legend: (Time is in decaauts)
 A = Elapsed time spent in this place.
 B = Non-inter-level travel time spent in this place.
 C = Inter-level travel time spent in this place.
 D = Time resting spent in this place.
 E = Time spent auto-exploring this place.
 F = Levels seen in this place.
 G = Mean time per level.
                   A        B        C        D        E       F      G
               +--------+--------+--------+--------+--------+-----+--------+
         Total |  24953 |  23510 |   1443 |   2015 |  15517 |  27 |  924.2 |
       Dungeon |  13270 |  12374 |    896 |    314 |   9243 |  15 |  884.7 |
        Temple |     16 |      9 |      7 |      0 |      0 |   1 |   16.0 |
          Lair |   7446 |   7061 |    385 |    722 |   4686 |   5 | 1489.2 |
     Snake Pit |   2283 |   2218 |     65 |    762 |    663 |   3 |  761.0 |
  Orcish Mines |   1472 |   1383 |     89 |     36 |    871 |   2 |  736.0 |
        Bailey |    464 |    464 |      0 |    181 |     54 |   1 |  464.0 |
               +--------+--------+--------+--------+--------+-----+--------+

Top non-repeatable levels by time:
  Lair:5: 2228 daAuts
  Lair:1: 1627 daAuts
 Snake:1: 1438 daAuts
  Lair:4: 1364 daAuts
   Orc:2: 1269 daAuts
  Lair:3: 1234 daAuts
     D:1: 1213 daAuts
     D:7: 1115 daAuts
    D:11: 1069 daAuts
  Lair:2: 992 daAuts
    D:10: 965 daAuts
     D:8: 962 daAuts
     D:3: 912 daAuts
    D:15: 893 daAuts
    D:13: 866 daAuts
